 Dungeon Crawl Stone Soup version 0.30.0-29-ga12c61a403 (webtiles) character file.

Game seed: 1184877308195832297

355 Riddle the Magician (level 6, -4/45 HPs)
             Began as a Djinni Fire Elementalist on June 5, 2023.
             Was an Initiate of Ashenzari.
             Killed from afar by Dowan (8 damage)
             ... with a shard of ice
             ... on level 4 of the Dungeon.
             The game lasted 00:11:40 (2761 turns).

Riddle the Magician (Djinni Fire Elementalist)      Turns: 2761, Time: 00:11:41

Health: -4/45      AC:  6    Str:  7    XL:     6   Next: 95%
Gold:   207        EV: 10    Int: 19    God:    Ashenzari [......] SH:  0 Dex: 13

rFire   + + .        (no weapon)
rCold   x . .        (no shield)
rNeg    . . .        a - +0 robe
rPois   ∞            (no helmet)
rElec   .            (no cloak)
rCorr   .            (no gloves)
SInv    .            (boots unavailable)
Will    .....        (no amulet)
Stlth   ++           d - +4 ring of protection
HPRegen 0.27/turn    (no ring)
MPRegen 0.00/turn

%: infuse magic (-5 HP)
@: grasped by roots, flying, constricted
A: sickness immunity, fire resistance 2, cold vulnerability 1, float, innate
caster, HP casting, extra vitality 1
a: Renounce Religion


You were on level 4 of the Dungeon.
You worshipped Ashenzari.
Ashenzari was noncommittal.
You visited 1 branch of the dungeon, and saw 4 of its levels.

You collected 207 gold pieces.

Inventory:

Armour
 a - a +0 robe (worn)
Jewellery
 d - a +4 ring of protection (left hand)
Wands
 q - a wand of flame (4)
Scrolls
 b - 2 scrolls of blinking {unknown}
 c - a scroll of fear {unknown}
 f - a scroll of amnesia {unknown}
 h - 3 scrolls of identify {unknown}
 j - 2 scrolls of teleportation {unknown}
 k - a scroll of vulnerability {unknown}
 m - 3 scrolls of magic mapping {unknown}
 n - a scroll of poison {unknown}
Potions
 e - a potion of cancellation {unknown}
 g - 2 potions of haste {unknown}
 i - 2 potions of curing {unknown}
 l - a potion of invisibility
 o - a potion of berserk rage {unknown}
 p - a potion of resistance {unknown}


   Skills:
 + Level 2.9 Fighting
 + Level 4.1 Dodging
 - Level 1.5 Stealth
 * Level 4.3 Spellcasting


You knew the following spells:

 Your Spells              Type           Power      Damage    Failure   Level
a - Foxfire               Conj/Fire      80%        2x1d8     2%          1
b - Scorch                Fire           40%        2d7       3%          2
c - Volatile Blastmotes   Fire/Tloc      40%        2d13      7%          3
d - Inner Flame           Hex/Fire       20%        N/A       7%          3
e - Flame Wave            Conj/Fire      20%        2d7       22%         4
f - Freeze                Ice            80%        1d9       2%          1
g - Blink                 Tloc           40%        N/A       3%          2
Your spell library was empty.

Dungeon Overview and Level Annotations

Branches:
Dungeon (4/15)
 Temple: D:4-7

Altars:
Ashenzari
Cheibriados
Dithmenos
Fedhas
Uskayaw
Wu Jian
Xom
Zin

Annotations:
D:4 Dowan, Eustachio


Innate Abilities, Weirdness & Mutations

You are immune to sickness and miasma.
You are immune to poison.
Your flesh is very heat resistant. (rF++)
You are vulnerable to cold. (rC-)
You float through the air rather than walking.
You learn spells naturally, not from books.
Your magical power is your life essence.
You have superior vitality. (+4 MHP)


Message History

Duvessa hits you but does no damage. The jackal barely misses you.
Something hits you.
* * * LOW HITPOINT WARNING * * *
Duvessa gestures with her weapon.
Duvessa closely misses you.
Unknown command.
Unknown command.
Casting: Foxfire (safe; 2% risk of failure)
Confirm with . or Enter, or press ? or * to list all spells.
You conjure some foxfire!
* * * LOW HITPOINT WARNING * * *
Duvessa is no longer more vulnerable to fire.
The foxfire hits Duvessa.
You kill Duvessa!
Something screams, "No!
No!
NO!"
The foxfire hits something but does no damage.
Something hits you but does no damage.
Your Dodging skill increases to level 4!
Unknown command.
Unknown command.
Casting: Foxfire (safe; 2% risk of failure)
Confirm with . or Enter, or press ? or * to list all spells.
You conjure some foxfire!
* * * LOW HITPOINT WARNING * * *
The foxfire hits the jackal but does no damage.
The foxfire hits the jackal.
The jackal is severely wounded.
You hear a zap.
The roots erupt in riotous growth!
The grasping roots grab you!
Your foxfire is unaffected. x2
The jackal is unaffected.
You are constricted.
* * * LOW HITPOINT WARNING * * *
The jackal bites you.
* * * LOW HITPOINT WARNING * * *
A quokka comes into view.
You hear some strange, mumbled words.
A shard of ice appears from out of thin air!
The shard of ice hits you!
You feel a painful chill!
You die...

#####.##.#.# #. .. #
#.##.#.# #.# .# #
#.#....# #.# .# #
.#..#).#####.# .# #
.###.##.......# .# # .
.....#..#####.# .#.##..
.
#......#####.##..$....
##>#.......vv{.....r.#
............§@###..####
###.###.....§.hh...# #.
#######.###.## . #.# #
#)# #.# #)# #.. ##


You could see a quokka and 2 jackals.

Vanquished Creatures
  Duvessa (D:4)
  A black bear (D:3)
  An iguana (D:4)
  A gnoll (D:3)
  3 adders
  A worm (D:3)
  4 dart slugs
  7 orcs
  11 endoplasms
  3 giant cockroaches
  8 hobgoblins
  3 jackals (D:1)
  A quokka (D:4)
  10 ball pythons
  6 bats
  A frilled lizard (D:3)
  8 goblins
  13 kobolds
  4 rats
87 creatures vanquished.

Vanquished Creatures (others)
  384 foxfires
384 creatures vanquished.

Grand Total: 471 creatures vanquished

Notes
Turn   | Place    | Note
-------+----------+-------------------------------------------
     0 | D:1      | Riddle the Djinni Fire Elementalist began the quest for the
                  | Orb.
     0 | D:1      | Riddle set off with the following spells memorised:
                  | Foxfire, Scorch, Volatile Blastmotes, Inner Flame, Flame
                  | Wave.
     0 | D:1      | Reached XP level 1. HP: 15/15 MP: 0/0
    86 | D:1      | Reached XP level 2. HP: 17/22 MP: 0/0
   393 | D:1      | Reached XP level 3. HP: 23/26 MP: 0/0
   393 | D:1      | Learned a level 1 spell: Freeze
   406 | D:1      | Reached skill level 1 in Fighting
   810 | D:2      | Reached XP level 4. HP: 31/32 MP: 0/0
  1377 | D:3      | Found a hide-covered altar of Uskayaw.
  1379 | D:3      | Noticed a black bear
  1383 | D:3      | Killed a black bear
  1384 | D:3      | Reached XP level 5. HP: 34/38 MP: 0/0
  1384 | D:3      | Learned a level 2 spell: Blink
  1500 | D:3      | Found a snail-covered altar of Cheibriados.
  1782 | D:3      | Reached XP level 6. HP: 38/44 MP: 0/0
  1905 | D:3      | Found a shimmering altar of Xom.
  1923 | D:3      | Found a white marble altar of Elyvilon.
  1923 | D:3      | Found a shadowy altar of Dithmenos.
  1926 | D:3      | Found a glowing silver altar of Zin.
  1926 | D:3      | Found an ornate altar of the Wu Jian Council.
  1926 | D:3      | Found a blossoming altar of Fedhas.
  2022 | D:3      | Found a broken altar of Ashenzari.
  2162 | D:3      | Became a worshipper of Ashenzari the Shackled
  2263 | D:4      | Noticed Eustachio
  2750 | D:4      | Noticed Duvessa
  2750 | D:4      | Noticed Dowan
  2760 | D:4      | Killed Duvessa
  2761 | D:4      | Killed from afar by Dowan

Illustrated notes

Levels and vault maps discovered:
D:1:      dpeg_arrival_water_temple_mockup, layout_rooms, due_unseen_surprise
D:2:      layout_basic
D:3:      layout_rooms, doesnt_xom_only_xom, eat_drink_and_be_merry_uskayaw,
          lemuel_doored_altar, nicolae_ashenzari_skybound, serial_corexii_hall,
          chequers_hall_statues_y, corexii_hall_statues_i,
          minmay_strange_pillars, st_stairs_5, kennysheep_small_spiral,
          minmay_crystal_room, minmay_misc_feat_chi, corexii_leaking_fountain,
          minmay_between
D:4:      minmay_general_purpose_star, layout_loops_ring, uniq_duvessa,
          uniq_eustachio

Skill      XL: |  1  2  3  4  5  6 |
---------------+-------------------+-----
Fighting       | 1 2 |  2.9
Spellcasting   | 3 4 |  4.3
Dodging        | 3 4 |  4.1
Stealth        | |  1.5

Action                     |  1- 3 |  4- 6 || total
---------------------------+-------+-------++-------
  Melee: Unarmed           |       |     2 ||     2
         Punch             |       |     1 ||     1
   Cast: Foxfire           |    72 |   176 ||   248
         Scorch            |       |     5 ||     5
   Stab: Sleeping          |       |     1 ||     1
 Armour: Robe              |    15 |    17 ||    32
  Dodge: Dodged            |     8 |    37 ||    45
